 Dungeon Crawl Stone Soup version 0.28.0-45-g0d030f2227 (webtiles) character file.

Game seed: 544431937824831020

680 Andrea the Covert (level 7, 0/60 HPs)
             Began as a Gnoll Delver on Apr 6, 2022.
             Succumbed to a gnoll's poison
             ... on level 5 of the Dungeon.
             The game lasted 00:07:07 (4336 turns).

Andrea the Covert (Gnoll Delver)                    Turns: 4336, Time: 00:07:08

Health: 0/60       AC: 10    Str: 14    XL:     7   Next: 60%
Magic:  10/19      EV:  7    Int:  9    God:
Gold:   267        SH:  0    Dex: 13    Spells: 11/11 levels left

rFire   + . .      SeeInvis .   h - +2 bardiche of Siume {pain, rF+ Will+ MP+9}
rCold   . . .      Faith    .   (shield currently unavailable)
rNeg    + . .      Spirit   +   m - +0 chain mail
rPois   .          Reflect  .   (no helmet)
rElec   .          Harm     .   (no cloak)
rCorr   .          Rampage  .   l - +0 pair of gloves
Will    ++...                   (no boots)
Stlth   +.........              d - amulet of guardian spirit
HPRegen 0.20/turn               j - ring of positive energy
MPRegen 0.16/turn               u - ring of willpower

@: mighty, lethally poisoned (0 -> -17), hasted, very quick
A: fangs 1, strong nose, distributed training
a: no special abilities


You were on level 5 of the Dungeon.
You visited 2 branches of the dungeon, and saw 6 of its levels.

You collected 267 gold pieces.

Inventory:

Hand Weapons
 a - a +0 spear
 h - the +2 bardiche of Siume (weapon) {pain, rF+ Will+ MP+9}
   (You found it on level 5 of the Dungeon)

   In the hands of one skilled in necromantic magic, it inflicts extra damage on
   living creatures.
   rF:        It protects you from fire.
   MP:        It affects your magic capacity (+9).
   Will:      It increases your willpower.
Missiles
 k - 2 boomerangs (quivered)
 q - 8 javelins
Armour
 l - a +0 pair of gloves (worn)
 m - a +0 chain mail (worn)
Jewellery
 d - an amulet of guardian spirit (around neck)
 j - a ring of positive energy (left hand)
 u - a ring of willpower (right hand)
 y - an amulet of magic regeneration
Wands
 g - a wand of digging (3)
 r - a wand of flame (20)
Scrolls
 c - a scroll of fog
 e - 3 scrolls of fear
 n - 2 scrolls of immolation {unknown}
 o - a scroll of enchant weapon {unknown}
 p - a scroll of teleportation {unknown}
 s - a scroll of vulnerability {unknown}
 t - 2 scrolls of blinking {unknown}
 x - a scroll of identify {unknown}
 A - a scroll of amnesia {unknown}
Potions
 b - a potion of lignification {unknown}
 f - a potion of haste
 i - a potion of heal wounds {unknown}
 v - a potion of might
 w - a potion of curing {unknown}
 z - a potion of invisibility {unknown}


   Skills:
 + Level 7.1 Fighting
 + Level 2.6 Short Blades
 + Level 2.6 Long Blades
 + Level 2.6 Axes
 + Level 2.6 Maces & Flails
 + Level 5.3 Polearms
 + Level 2.6 Staves
 + Level 2.6 Slings
 + Level 2.6 Bows
 + Level 2.6 Crossbows
 + Level 2.6 Throwing
 + Level 2.6 Armour
 + Level 5.3 Dodging
 + Level 9.9 Stealth
 + Level 2.6 Shields
 + Level 2.6 Unarmed Combat
 + Level 2.6 Spellcasting
 + Level 2.1 Conjurations
 + Level 2.1 Hexes
 + Level 2.1 Summonings
 + Level 2.1 Necromancy
 + Level 2.1 Translocations
 + Level 2.1 Transmutations
 + Level 2.1 Fire Magic
 + Level 2.1 Ice Magic
 + Level 2.1 Air Magic
 + Level 2.1 Earth Magic
 + Level 2.1 Poison Magic
 + Level 2.9 Invocations
 + Level 2.6 Evocations


You had 11 spell levels left.
You didn't know any spells.
Your spell library contained the following spells:

 Spells                   Type           Power      Damage    Failure   Level
 Stone Arrow              Conj/Erth      10%        3d7       100%        3
 Animate Armour           Summ/Erth      10%        N/A       100%        4
 Lehudib's Crystal Spear  Conj/Erth      2%         10d2      100%        8


Dungeon Overview and Level Annotations

Branches:
Dungeon (5/15)             Temple (1/1) D:5

Altars:
Ashenzari
Dithmenos
Elyvilon
Gozag
Hepliaklqana
Kikubaaqudgha
Makhleb
Okawaru
Qazlal
Ru
Trog
Uskayaw
Vehumet
Wu Jian
Zin
The Shining One

Shops:
D:5 =

Annotations:
D:3 3 runed translucent doors, chujev's ghost, amateur TrFi


Innate Abilities, Weirdness & Mutations

You have very sharp teeth.
Your uncanny sense of smell can sniff out nearby items.
Your experience applies equally to all skills.


Message History

Found Kaillan's Jewellery Boutique.
The gnoll shouts!
The gnoll hits you but does no damage.
You closely miss the gnoll. You bite the gnoll.
The gnoll is lightly wounded.
The gnoll hits you with a +0 halberd! x2
You barely miss the gnoll. Your bite misses the gnoll.
The gnoll is lightly wounded.
The gnoll hits you but does no damage.
You slice the gnoll!!
You kill the gnoll!
The gnoll hits you with a +2 flail of protection.
You closely miss the gnoll.
The gnoll hits you from afar with a +0 spear of venom.
You are poisoned.
The gnoll hits you with a +2 flail of protection.
The gnoll hits you from afar with a +0 spear of venom.
You are more poisoned.
The gnoll hits you with a +2 flail of protection.
You feel very sick.
You feel yourself speed up.
You feel very sick.
You feel sick.
You feel sick.
You feel sick.
You feel sick.
You feel sick. The gnoll hits you but does no damage.
You are lethally poisoned!
* * * LOW HITPOINT WARNING * * *
You feel sick.
The gnoll hits you from afar with a +0 spear of venom.
* * * LOW HITPOINT WARNING * * *
You are more poisoned.
* * * LOW HITPOINT WARNING * * *
You feel very sick.
* * * LOW HITPOINT WARNING * * *
You feel very sick.
It was a potion of might.
You feel very mighty all of a sudden.
You die...

#.>.#...#.#...#........####****,,
......#...#............# *,*
#.#.#...+...#.##.####### *,*
........#.###.##.# *,*
.#.#..........##.# ***,*
..........######.# *,,,*
..#.#+#<......##.# ********,***
#...#,#.#.###)##.# *,,,,,,*,*
##........# #h##@# *,****,*,*
*###.##.#.###g##.####*,* *,*,*
,,,,....#.#..g......#*,* *,*,*
***,.g..#.#.#.##.##.#*,* *,*,*
#.....#.#...##.##.#*,****,*,*
#.g...#.######....#,,,,,,,,,*
#..∩,*#.#****######******,***
*,*,,,,,*,,,,,,,,,,,,,,,,,*
*,*,,,,,,,,****##*######***


There were no monsters in sight!

Vanquished Creatures
  A sky beast (D:4)
  A phantom (D:4)
  5 scorpions
  A centaur zombie (D:4)
  A gnoll (D:5)
  8 adders
  A howler monkey skeleton (D:4)
  An ufetubus (D:4)
  An adder zombie (D:5)
  A worm (D:2)
  3 dart slugs
  An orc (D:4)
  7 endoplasms
  5 giant cockroaches
  9 goblins
  7 hobgoblins
  4 jackals (D:1)
  6 ball pythons
  6 bats
  3 frilled lizards
  6 kobolds
  7 rats
85 creatures vanquished.

Notes
Turn   | Place    | Note
-------+----------+-------------------------------------------
     0 | D:5      | Reached skill level 9 in Stealth
     0 | D:5      | Andrea the Gnoll Delver began the quest for the Orb.
     0 | D:5      | Reached XP level 1. HP: 23/23 MP: 1/1
     5 | D:5      | Identified the +2 bardiche of Siume {pain, rF+ Will+ MP+9}
    35 | D:5      | Noticed a scorpion
    62 | D:5      | Killed a scorpion
    63 | D:5      | Reached skill level 1 in Short Blades
    63 | D:5      | Reached skill level 1 in Long Blades
    63 | D:5      | Reached skill level 1 in Axes
    63 | D:5      | Reached skill level 1 in Maces & Flails
    63 | D:5      | Reached skill level 1 in Staves
    63 | D:5      | Reached skill level 1 in Slings
    63 | D:5      | Reached skill level 1 in Bows
    63 | D:5      | Reached skill level 1 in Crossbows
    63 | D:5      | Reached skill level 1 in Throwing
    63 | D:5      | Reached skill level 1 in Armour
    63 | D:5      | Reached skill level 1 in Shields
    63 | D:5      | Reached skill level 1 in Unarmed Combat
    63 | D:5      | Reached skill level 1 in Spellcasting
    63 | D:5      | Reached skill level 1 in Invocations
    63 | D:5      | Reached skill level 1 in Evocations
    63 | D:5      | Reached XP level 2. HP: 24/29 MP: 3/3
    63 | D:5      | Reached XP level 3. HP: 29/35 MP: 3/4
    63 | D:5      | Reached XP level 4. HP: 34/41 MP: 3/5
   478 | D:3      | Found a glowing golden altar of the Shining One.
   573 | D:2      | Reached skill level 1 in Conjurations
   573 | D:2      | Reached skill level 1 in Hexes
   573 | D:2      | Reached skill level 1 in Summonings
   573 | D:2      | Reached skill level 1 in Necromancy
   573 | D:2      | Reached skill level 1 in Translocations
   573 | D:2      | Reached skill level 1 in Transmutations
   573 | D:2      | Reached skill level 1 in Fire Magic
   573 | D:2      | Reached skill level 1 in Ice Magic
   573 | D:2      | Reached skill level 1 in Air Magic
   573 | D:2      | Reached skill level 1 in Earth Magic
   573 | D:2      | Reached skill level 1 in Poison Magic
  1076 | D:1      | Reached XP level 5. HP: 47/47 MP: 6/6
  1590 | D:1      | Found a faded altar of an unknown god.
  2232 | D:3      | Found a runed translucent gate.
  2232 | D:3      | Found a runed translucent gate.
  2232 | D:3      | Found an opulent altar of Gozag.
  2232 | D:3      | Found a runed translucent gate.
  2233 | D:3      | Noticed chujev's ghost (amateur TrFi)
  2233 | D:3      | Noticed a phantom
  2816 | D:4      | Noticed a phantom
  2841 | D:4      | Killed a phantom
  2842 | D:4      | Reached XP level 6. HP: 40/53 MP: 8/8
  3033 | D:4      | Reached skill level 5 in Polearms
  3033 | D:4      | Reached skill level 5 in Dodging
  3143 | D:4      | Reached XP level 7. HP: 59/59 MP: 10/10
  3509 | D:4      | Identified the +1 scale mail of the Heron {Int-5 Dex+8}
  3913 | D:5      | Found a staircase to the Ecumenical Temple.
  3939 | Temple   | Entered the Ecumenical Temple
  4314 | D:5      | Found Kaillan's Jewellery Boutique.
  4335 | D:5      | HP: 3/60 [poisoned by a gnoll]
  4336 | D:5      | Succumbed to a gnoll's poison

Illustrated notes

Levels and vault maps discovered:
D:1:      minmay_arrival_shattered_statue, layout_loops_ring,
          shapermc_ecumenical_altar_mp_ritualfount
D:2:      layout_rooms
D:3:      layout_loops_ring, overflow_temple_1_default, ebering_ghost_gozag
D:4:      layout_layer_cave, serial_glass, glass_columns_c, glass_columns_b,
          st_stairs_5
D:5:      layout_basic, led_sif_pool, minmay_temple_entry_sparse_star,
          portal_sewer_entry_b, minmay_shop_enchanted_jewellery,
          hangedman_decor_lopped, lemuel_old_faithful
Temple:   jpeg_temple_clearing

Skill      XL: |  1  2  3  4  5  6  7 |
---------------+----------------------+-----
Stealth        | |  9.9
Short Blades   | 1 2 |  2.6
Long Blades    | 1 2 |  2.6
Axes           | 1 2 |  2.6
Maces & Flails | 1 2 |  2.6
Staves         | 1 2 |  2.6
Slings         | 1 2 |  2.6
Bows           | 1 2 |  2.6
Crossbows      | 1 2 |  2.6
Throwing       | 1 2 |  2.6
Armour         | 1 2 |  2.6
Shields        | 1 2 |  2.6
Unarmed Combat | 1 2 |  2.6
Spellcasting   | 1 2 |  2.6
Invocations    | 1 2 |  2.9
Evocations     | 1 2 |  2.6
Conjurations   | 1 2 |  2.1
Hexes          | 1 2 |  2.1
Summonings     | 1 2 |  2.1
Necromancy     | 1 2 |  2.1
Translocations | 1 2 |  2.1
Transmutations | 1 2 |  2.1
Fire Magic     | 1 2 |  2.1
Ice Magic      | 1 2 |  2.1
Air Magic      | 1 2 |  2.1
Earth Magic    | 1 2 |  2.1
Poison Magic   | 1 2 |  2.1
Polearms       | 5 |  5.3
Dodging        | 5 |  5.3
Fighting       | 7 |  7.1

Action                   |  1- 3 |  4- 6 |  7- 9 || total
-------------------------+-------+-------+-------++-------
Melee: Bardiche          |     3 |   203 |    51 ||   257
       Bite              |       |    12 |     4 ||    16
  Use: Scroll            |     1 |       |       ||     1
       Potion            |       |       |     2 ||     2
 Stab: Sleeping          |       |     9 |     1 ||    10
       Distracted        |       |     1 |       ||     1
Armor: Leather armour    |     1 |    22 |       ||    23
       Chain mail        |       |   110 |    34 ||   144
Dodge: Dodged            |     2 |   170 |    33 ||   205
